 Dungeon Crawl Stone Soup version 0.31.0-12-g77e489cdc1 (webtiles) character file.

Game seed: 7229625546382834244

41 sking99 the Conjurer (level 3, -3/14 (22) HPs)
             Began as a Gargoyle Reaver on Feb 22, 2024.
             Killed by divine providence
             ... invoked by an orc priest
              (13 damage)
             ... on level 2 of the Dungeon.
             The game lasted 00:02:37 (994 turns).

sking99 the Conjurer (Gargoyle Reaver)               Turns: 994, Time: 00:02:37

HP:   -3/14 (22)    AC:  6    Str: 17    XL:     3   Next: 52%
MP:   6/6           EV: 11    Int: 13    God:
Gold: 28            SH:  0    Dex:  8    Spells: 3/6 levels left

rFire   . . .        a - +0 mace
rCold   . . .        (no shield)
rNeg    + . .        b - +0 leather armour
rPois   ∞            (no helmet)
rElec   +            (no cloak)
rCorr   .            (no gloves)
SInv    .            (no boots)
Will    .....        (no amulet)
Stlth   +            (no ring)
HPRegen 0.22/turn    (no ring)
MPRegen 0.10/turn

%: no passive effects
@: very heavily drained
A: sickness immunity, AC +3, negative energy resistance 1, electricity
resistance, torment resistance 1, petrification resistance
a: no special abilities


You were on level 2 of the Dungeon.
You visited 1 branch of the dungeon, and saw 2 of its levels.

You collected 28 gold pieces.

Inventory:

Hand Weapons
 a - a +0 mace (weapon)
Armour
 b - a +0 leather armour (worn)
Jewellery
 g - a ring of ice
Scrolls
 c - a scroll of immolation {unknown}
 d - 2 scrolls of teleportation {unknown}
 h - a scroll of enchant weapon {unknown}
Potions
 e - a potion of invisibility {unknown}
 f - a potion of attraction {unknown}
 i - a potion of heal wounds {unknown}


   Skills:
 + Level 2.6 Fighting
 * Level 3.6 Maces & Flails
 - Level 1.5 Dodging
 + Level 2.3 Spellcasting
 + Level 3.6 Conjurations
 + Level 0.2 Translocations


You had 3 spell levels left.
You knew the following spells:

 Your Spells              Type           Power      Damage    Failure   Level
a - Kiss of Death         Conj/Necr      24%        2d7       14%         1
b - Momentum Strike       Conj/Tloc      12%        3d8       21%         2

Your spell library contained the following spells:

 Spells                   Type           Power      Damage    Failure   Level
 Hailstorm                Conj/Ice       6%         3d5       41%         3


Dungeon Overview and Level Annotations

Branches:
Dungeon (2/15)

Altars:


Innate Abilities, Weirdness & Mutations

You are immune to sickness and miasma.
Your stone body is resilient. (AC +3)
You are immune to poison.
You resist negative energy. (rN+)
You are resistant to electric shocks. (rElec)
You are resistant to unholy torment.
You are immune to petrification.


Message History

You hit the hobgoblin.
The hobgoblin is heavily wounded.
The hobgoblin hits you but does no damage.
You barely miss the hobgoblin.
The hobgoblin is heavily wounded.
The hobgoblin misses you.
You hit the hobgoblin but do no damage.
The hobgoblin is heavily wounded.
The hobgoblin hits you but does no damage.
You sock the hobgoblin!
You kill the hobgoblin!
Found a stone staircase leading down.
Found a ring mail.
d - 2 scrolls labelled GUOJUODITZ (gained 1)
A ball python comes into view.
The ball python hisses angrily.
You closely miss the ball python. The ball python closely misses you.
The ball python grabs you. The ball python constricts you.
The ball python bites you. The ball python constricts you.
You barely miss the ball python.
The ball python bites you but does no damage.
The ball python constricts you.
You hit the ball python.
The ball python is moderately wounded.
The ball python bites you. The ball python constricts you.
The ball python bites you but does no damage.
The ball python constricts you.
You hit the ball python.
You kill the ball python!
HP restored. 3 orc priests come into view.
The orc priest shouts! x2; You hear a shout!
An orc comes into view. It is wielding a +0 flail.
The orc priest invokes the aid of Beogh against you.
Pain shoots through your body!
The orc priest miscasts a cantrip.
The orc priest invokes the aid of Beogh against you.
Beogh smites you!
Ouch! That really hurt!
You die...

#....oo.o
#####o###
#....o..#
#.......#
#.......#
#####o### #.#
##########.#####
...........@..>#
##.#####.......#
#.......#
#.......#
#.......#
#...[...#
#######.# #.#
######.#


You could see 3 orc priests.

Vanquished Creatures
  3 dart slugs (D:1)
  2 endoplasms (D:1)
  2 giant cockroaches (D:1)
  A goblin (D:1)
  9 hobgoblins
  6 ball pythons
  3 bats (D:1)
  3 frilled lizards (D:1)
  2 kobolds (D:1)
  3 rats (D:1)
34 creatures vanquished.

Notes
Turn   | Place    | Note
-------+----------+-------------------------------------------
     0 | D:1      | sking99 the Gargoyle Reaver began the quest for the Orb.
     0 | D:1      | Reached XP level 1. HP: 12/12 MP: 3/3
   292 | D:1      | Reached XP level 2. HP: 18/18 MP: 5/5
   503 | D:1      | Learned a level 2 spell: Momentum Strike
   514 | D:1      | Reached XP level 3. HP: 16/16 MP: 6/6
   994 | D:2      | Killed from afar by an orc priest

Illustrated notes

Levels and vault maps discovered:
D:1:      dpeg_arrival_arbitrary_c, layout_loops_ring, nrook_mini_vaults,
          minmay_tromino_v2
D:2:      layout_basic, chequers_serial_rivers_small_3, uniq_natasha

Action                     || total
---------------------------++-------
  Melee: Mace              ||   111
         Punch             ||     2
   Cast: Kiss of Death     ||     3
 Armour: Leather armour    ||    87
  Dodge: Dodged            ||    56
